 Dungeon Crawl Stone Soup version 0.28.0-47-ge53b351184 (webtiles) character file.

Game seed: 13269026799389162112

32 pkoi the Conjurer (level 2, -3/20 HPs)
             Began as a Demigod Conjurer on May 8, 2022.
             Slain by Sigmund
             ... wielding a +0 scythe
              (5 damage)
             ... on level 2 of the Dungeon.
             The game lasted 00:02:48 (3713 turns).

pkoi the Conjurer (Demigod Conjurer)                Turns: 3713, Time: 00:02:48

Health: -3/20      AC:  2    Str:  8    XL:     2   Next: 96%
Magic:  0/7        EV: 12    Int: 20    God:
Gold:   57         SH:  0    Dex: 12    Spells: 1/4 levels left

rFire   + . .      SeeInvis .   i - +0 whip
rCold   + . .      Faith    .   (no shield)
rNeg    . . .      Spirit   .   a - +0 robe
rPois   +          Reflect  .   (no helmet)
rElec   +          Harm     .   (no cloak)
rCorr   +          Rampage  .   (no gloves)
Will    .....                   (no boots)
Stlth   ++........              (no amulet)
HPRegen 0.06/turn               (no ring)
MPRegen 0.10/turn               (no ring)

@: resistant
A: high MP 1, forlorn, divine attributes
a: no special abilities


You were on level 2 of the Dungeon.
You visited 1 branch of the dungeon, and saw 2 of its levels.

You collected 57 gold pieces.

Inventory:

Hand Weapons
 i - a +0 whip (weapon)
 j - a +0 dagger
Armour
 a - a +0 robe (worn)
 b - an orb of energy
Scrolls
 f - a scroll of silence {unknown}
 g - 3 scrolls of amnesia {unknown}
Potions
 c - a potion of degeneration {unknown}


   Skills:
 - Level 1.7 Dodging
 - Level 1.7 Stealth
 - Level 1.7 Spellcasting
 * Level 4.3 Conjurations
 + Level 1.1 Evocations


You had one spell level left.
You knew the following spells:

 Your Spells              Type           Power      Damage    Failure   Level
a - Magic Dart            Conj           76%        1d6       2%          1
b - Searing Ray           Conj           38%        2d5       4%          2

Your spell library contained the following spells:

 Spells                   Type           Power      Damage    Failure   Level
 Animate Skeleton         Necr           2%         N/A       16%         1
 Apportation              Tloc           2%         N/A       16%         1
 Summon Small Mammal      Summ           4%         N/A       16%         1
 Dazzling Flash           Conj/Hex       20%        N/A       21%         3
 Ensorcelled Hibernation  Hex/Ice        2%         N/A       24%         2
 Passwall                 Tmut/Erth      0%         N/A       24%         2
 Swiftness                Air            1%         N/A       43%         3
 Fulminant Prism          Conj/Hex       5%         3d7       54%         4
 Iskenderun's Mystic Bla  Conj/Tloc      10%        2d4       54%         4


Dungeon Overview and Level Annotations

Branches:
Dungeon (2/15)

Annotations:
D:2 Sigmund


Innate Abilities, Weirdness & Mutations

You have an increased reservoir of magic. (+10% MP)
You shall have no god before yourself.
Your divine heritage dramatically boosts your attributes as you level up.


Message History

It was a potion of curing.
You feel better. Sigmund gestures at you while chanting.
You resist with significant effort.
It was a potion of resistance.
You feel protected.
Casting: Magic Dart (safe; 2% risk of failure)
Confirm with . or Enter, or press ? or * to list all spells.
Aiming: Searing Ray (safe; 4% risk of failure)
Press: ? - help, Shift-Dir - straight line, f - Sigmund
Aim: Sigmund, wielding a +0 scythe and wearing a +0 robe (75% to hit)
The searing ray hits Sigmund.
Sigmund is lightly wounded. (Press . to maintain the ray.) Unknown command.
The searing ray hits Sigmund.
Sigmund is moderately wounded.
The searing ray hits Sigmund.
Sigmund is moderately wounded.
Sigmund closely misses you.
The searing ray hits Sigmund!
Sigmund is heavily wounded.
You finish channelling your searing ray.
Aiming: Magic Dart (safe; 2% risk of failure)
Press: ? - help, Q - select action, (/) - cycle Shift-Dir - straight line, f/p - Sigmund
Aim: Sigmund, wielding a +0 scythe and wearing a +0 robe (heavily wounded, 100% to hit)
The magic dart hits Sigmund.
Sigmund is severely wounded.
Sigmund gestures at you while chanting. The magic dart hits you.
* * * LOW HITPOINT WARNING * * *
Aiming: Magic Dart (safe; 2% risk of failure)
Press: ? - help, Q - select action, (/) - cycle Shift-Dir - straight line, f/p - Sigmund
Aim: Sigmund, wielding a +0 scythe and wearing a +0 robe (severely wounded, 100% to hit)
The magic dart hits Sigmund.
Sigmund is almost dead.
Sigmund hits you from afar with a +0 scythe!
Ouch! That really hurt!
* * * LOW HITPOINT WARNING * * *
Sigmund hits you from afar with a +0 scythe.
You die...

####### #@.)..###
#.......#
#..@..#.#### #
###...#....######.
###.####........
#....#########.
#.......# .
#....##.## .
#.....#..### #@


You could see Sigmund.

Vanquished Creatures
  An adder (D:2)
  3 ball pythons
  4 bats
  4 endoplasms
  A giant cockroach (D:1)
  2 goblins
  A hobgoblin (D:2)
  2 kobolds (D:2)
  A quokka (D:1)
  A frilled lizard (D:1)
  A rat (D:2)
21 creatures vanquished.

Notes
Turn   | Place    | Note
-------+----------+-------------------------------------------
     0 | D:1      | pkoi the Demigod Conjurer began the quest for the Orb.
     0 | D:1      | Reached XP level 1. HP: 14/14 MP: 5/5
   660 | D:1      | Reached skill level 4 in Conjurations
   686 | D:1      | Reached XP level 2. HP: 20/20 MP: 4/7
  1103 | D:2      | Noticed Sigmund
  1756 | D:2      | Reached skill level 1 in Evocations
  2165 | D:1      | Learned a level 2 spell: Searing Ray
  3713 | D:2      | Slain by Sigmund

Illustrated notes

Levels and vault maps discovered:
D:1:      amcnicky_arrival_choice, layout_loops_corners,
          shapermc_ecumenical_altar_mp_vishouse, minmay_tetromino_o2
D:2:      layout_rooms, amcnicky_mini_pool_small, st_stairs_11, uniq_sigmund,
          uniq_jessica, uniq_crazy_yiuf_cottage

Skill      XL: |  1  2 |
---------------+-------+-----
Conjurations   | 4 |  4.3
Evocations     | 1 |  1.1
Dodging        | |  1.7
Stealth        | |  1.7
Spellcasting   | |  1.7

Action                   || total
-------------------------++-------
 Cast: Magic Dart        ||    48
       Searing Ray       ||     5
  Use: Potion            ||     3
Armor: Robe              ||     5
Dodge: Dodged            ||    18
